 Dungeon Crawl Stone Soup version 0.28.0-47-ge53b351184 (webtiles) character file.

Game seed: 12269189562055734413

147 pkoi the Insei (level 4, 0/36 HPs)
             Began as a Demigod Gladiator on May 6, 2022.
             Slain by an iguana (10 damage)
             ... on level 4 of the Dungeon.
             The game lasted 00:05:40 (5518 turns).

pkoi the Insei (Demigod Gladiator)                  Turns: 5518, Time: 00:05:41

Health: 0/36       AC:  5    Str: 15    XL:     4   Next: 81%
Magic:  6/6        EV: 12    Int: 14    God:
Gold:   113        SH:  0    Dex: 15    Spells: 3/3 levels left

rFire   . . .      SeeInvis .     - Unarmed
rCold   . . .      Faith    .   (no shield)
rNeg    . . .      Spirit   .   a - +0 leather armour
rPois   .          Reflect  .   b - +0 helmet
rElec   .          Harm     .   (no cloak)
rCorr   .          Rampage  .   e - +0 pair of gloves
Will    .....                   (no boots)
Stlth   ++........              (no amulet)
HPRegen 0.12/turn               (no ring)
MPRegen 0.10/turn               (no ring)

@: no status effects
A: high MP 1, forlorn, divine attributes
a: no special abilities


You were on level 4 of the Dungeon.
You visited 1 branch of the dungeon, and saw 4 of its levels.

You collected 113 gold pieces.

Inventory:

Hand Weapons
 d - a +0 short sword
 f - a +0 whip
 m - a +0 short sword
Missiles
 c - 3 throwing nets (quivered)
 g - 2 boomerangs
Armour
 a - a +0 leather armour (worn)
 b - a +0 helmet (worn)
 e - a +0 pair of gloves (worn)
Scrolls
 h - 3 scrolls of teleportation
Potions
 j - a potion of heal wounds
 l - 2 potions of curing


   Skills:
 + Level 1.7 Fighting
 - Level 1.7 Throwing
 - Level 2.6 Dodging
 - Level 2.0 Stealth
 * Level 4.8 Unarmed Combat


You had 3 spell levels left.
You didn't know any spells.
Your spell library contained the following spells:

 Spells                   Type           Power      Damage    Failure   Level
 Apportation              Tloc           0%         N/A       34%         1
 Conjure Flame            Conj/Fire      0%         6-21      71%         3
 Dazzling Flash           Conj/Hex       0%         N/A       71%         3
 Ignite Poison            Fire/Tmut/Pois 0%         N/A       71%         3
 Sticky Flame             Conj/Fire      0%         2d3       98%         4
 Agony                    Necr           0%         N/A       100%        5
 Alistair's Intoxication  Tmut/Pois      0%         N/A       100%        5
 Silence                  Hex/Air        0%         N/A       100%        5


Dungeon Overview and Level Annotations

Branches:
Dungeon (4/15)
 Temple: D:4-7

Shops:
D:4 =


Innate Abilities, Weirdness & Mutations

You have an increased reservoir of magic. (+10% MP)
You shall have no god before yourself.
Your divine heritage dramatically boosts your attributes as you level up.


Message History

Press: ? - help, Dir - move target
As you read the scroll labelled ZITHRA UFRYSK, it crumbles to dust.
It was a scroll of blinking.
There is an escape hatch in the ceiling here.
A mysterious force pulls you upwards. The hatch slams shut behind you.
Search for what [Enter for "dart", or ? for help]? dart Can't find anything matching that.
Unknown command.
Done exploring.
Done exploring.
Done exploring.
(D) Dungeon
Where to? (Enter - D:3, ? - help)
There is a stone staircase leading down here.
You climb downwards.
There is a stone staircase leading up here.
Unknown command.
An iguana is nearby!
An iguana is nearby!
The iguana hisses angrily.
The iguana closely misses you.
You barely miss the iguana. You barely miss the iguana. The iguana bites you!
You hit the iguana but do no damage. The iguana bites you.
* * * LOW HITPOINT WARNING * * *
You hit the iguana.
The iguana is moderately wounded.
The iguana closely misses you.
You hit the iguana.
The iguana is severely wounded.
The iguana bites you.
* * * LOW HITPOINT WARNING * * *
You hit the iguana but do no damage.
The iguana is severely wounded.
The iguana bites you!
* * * LOW HITPOINT WARNING * * *
You hit the iguana but do no damage.
The iguana is severely wounded.
The iguana bites you!
You die...

#.# #.# #.# #.# #.#
#.# ###.# #.# #.#
#...# #.# #.# #.###
#.# #.# #.#
#(########.# #.#
#.#.[......#
##.#####.#.######## #
#....@l..#.# .##
###.#.######.#
.........###.# #.#
##.######.#..# #.#
#.#...######.#.#####.#
#....................#
#.#...########.#######
##.# #.# ... ..#


You could see an iguana.

Vanquished Creatures
  An iguana (D:4)
  2 hound skeletons (D:4)
  3 gnolls
  An adder (D:2)
  An adder skeleton (D:4)
  3 dart slugs
  3 orcs
  5 ball pythons
  5 endoplasms
  2 giant cockroaches (D:2)
  2 goblins
  5 hobgoblins
  2 quokkas
  A bat (D:2)
  5 frilled lizards
  5 kobolds
  5 rats
51 creatures vanquished.

Notes
Turn   | Place    | Note
-------+----------+-------------------------------------------
     0 | D:1      | pkoi the Demigod Gladiator began the quest for the Orb.
     0 | D:1      | Reached XP level 1. HP: 17/17 MP: 3/3
    81 | D:1      | Reached skill level 3 in Unarmed Combat
   723 | D:1      | Reached XP level 2. HP: 19/24 MP: 4/4
  2002 | D:2      | Reached XP level 3. HP: 17/29 MP: 5/5
  2349 | D:3      | Reached skill level 4 in Unarmed Combat
  3680 | D:2      | Reached skill level 1 in Stealth
  4346 | D:4      | Found Mottuoq's Jewellery Shop.
  4398 | D:3      | Reached XP level 4. HP: 3/36 MP: 6/6
  5518 | D:4      | Slain by an iguana

Illustrated notes

Levels and vault maps discovered:
D:1:      scummos_arrival_gate, layout_basic, grunt_decor_resistance
D:2:      layout_basic
D:3:      layout_loops_corners, minmay_door_square
D:4:      layout_loops_ring, serial_shops, shop,
          minmay_fractal_squares_diagonal_5

Skill      XL: |  1  2  3  4 |
---------------+-------------+-----
Unarmed Combat | 3 4 |  4.8
Stealth        | 1 2 |  2.0
Fighting       | |  1.7
Throwing       | |  1.7
Dodging        | |  2.6

Action                   |  1- 3 |  4- 6 || total
-------------------------+-------+-------++-------
Melee: Unarmed           |   192 |    56 ||   248
       Short sword       |     4 |       ||     4
       Punch             |     5 |     2 ||     7
Throw: Throwing net      |     2 |     3 ||     5
  Use: Scroll            |     5 |     1 ||     6
       Potion            |     1 |       ||     1
 Stab: Sleeping          |     3 |     1 ||     4
Armor: Leather armour    |    61 |    12 ||    73
Dodge: Dodged            |    76 |    30 ||   106
